 Dungeon Crawl Stone Soup version 0.28-a0-773-g130ae17fe5 (webtiles) character file.

Game seed: 12566902743744847548

48 cheechan the Ducker (level 3, -2/26 HPs)
             Began as an Octopode Berserker on Nov 1, 2021.
             Was a Believer of Trog.
             Slain by Sigmund (14 damage)
             ... on level 2 of the Dungeon.
             The game lasted 00:03:31 (1015 turns).

cheechan the Ducker (Octopode Berserker)            Turns: 1015, Time: 00:03:33

Health: -2/26      AC:  1    Str: 17    XL:     3   Next: 72%
Magic:  3/3        EV: 13    Int:  9    God:    Trog [**....]
Gold:   942        SH:  0    Dex: 11    Spells: 2/2 levels left

rFire   . . .      SeeInvis .   a - +1 hand axe
rCold   . . .      Faith    .   (no shield)
rNeg    . . .      Spirit   .   (helmet restricted)
rPois   .          Reflect  .   (no amulet)
rElec   .          Harm     .   (no ring)
rCorr   .          Rampage  .   (no ring)
Will    .....                   (no ring)
Stlth   ++........              (no ring)
HPRegen 0.08/turn               (no ring)
MPRegen 0.08/turn               (no ring)
                                (no ring)
                                (no ring)

@: on berserk cooldown, slowed, very slow
A: almost no armour, amphibious, 8 rings, camouflage 1, gelatinous body 1,
(nimble swimmer 1), tentacles
a: Renounce Religion, Berserk, Trog's Hand


You were on level 2 of the Dungeon.
You worshipped Trog.
Trog was pleased with you.
You visited 1 branch of the dungeon, and saw 2 of its levels.

You collected 942 gold pieces.

Inventory:

Hand Weapons
 a - a +1 hand axe (weapon)
Missiles
 b - 9 poisoned darts (quivered)
 c - 44 arrows
Potions
 d - a potion of flight
 e - a potion of invisibility


   Skills:
 + Level 3.5 Fighting
 + Level 3.5 Axes
 + Level 3.6 Dodging
 + Level 0.7 Stealth


You had 2 spell levels left.
You didn't know any spells.
Your spell library was empty.

Dungeon Overview and Level Annotations

Branches:
Dungeon (2/15)

Altars:

Annotations:
D:2 Sigmund


Innate Abilities, Weirdness & Mutations

You cannot wear most types of armour.
You are amphibious.
You can wear up to eight rings at the same time.
Your skin changes colour to match your surroundings (Stealth+).
Your rubbery body absorbs attacks. (AC +1, EV +1)
((You are camouflaged near water. (Stealth+)))
You have tentacles for arms and can constrict up to eight enemies at once.


Message History

You feel yourself moving faster!
You feel mighty! Sigmund gestures at you while chanting.
The magic dart hits you.
You feel a strong urge to attack something.
Sigmund hits you with a +0 scythe.
You feel your anger nearly subside.
You are no longer berserk.
You are exhausted.
You feel yourself slow down.
You hit Sigmund. Your grab misses Sigmund.
Sigmund is lightly wounded.
Sigmund hits you with a +0 scythe!
Ouch! That really hurt!
* * * LOW HITPOINT WARNING * * *
You feel much better. Sigmund casts a spell at you.
You are confused.
Sigmund closely misses you.
You closely miss Sigmund.
Sigmund is lightly wounded.
Sigmund hits you with a +0 scythe!
You barely miss Sigmund. You squeeze Sigmund.
Sigmund is moderately wounded.
Sigmund barely misses you.
You miss Sigmund.
Sigmund is moderately wounded.
Sigmund barely misses you.
You're too confused to move!
Sigmund barely misses you.
You feel less confused. Sigmund misses you.
Throw: 10 darts (poison)
Press: ? - help, Q - select action, (/) - cycle Shift-Dir - straight line, f - Sigmund
Aim: Sigmund, wielding a +0 scythe and wearing a +2 robe of willpower (moderately wounded, 52% to hit)
You throw a poisoned dart.
The poisoned dart barely misses Sigmund.
Sigmund casts a spell at you. The puff of flame hits you!
Sigmund barely misses you. Sigmund hits you with a +0 scythe!
Ouch! That really hurt!
You die...

##..(....
##......#.
##.....### #
##.....###
#.##....###
#.#....###
#.'....## #.'..@###
#.'..@.### ##.
###....#### ###...
##....#### ###....
##.....#######.....
##.....#####.....#
##......#......#
##...........#
##....)....#
###.....###


You could see Sigmund.

Vanquished Creatures
  A worm (D:2)
  7 ball pythons
  A bat (D:1)
  4 endoplasms
  A giant cockroach (D:2)
  8 goblins
  7 hobgoblins
  4 kobolds (D:1)
  A quokka (D:1)
  A frilled lizard (D:2)
  3 rats (D:1)
38 creatures vanquished.

Notes
Turn   | Place    | Note
-------+----------+-------------------------------------------
     0 | D:1      | cheechan the Octopode Berserker began the quest for the
                  | Orb.
     0 | D:1      | Reached XP level 1. HP: 16/16 MP: 1/1
   143 | D:1      | Reached XP level 2. HP: 21/21 MP: 2/2
   241 | D:1      | Found a faded altar of an unknown god.
   395 | D:2      | Reached XP level 3. HP: 19/26 MP: 3/3
   414 | D:1      | Reached ** piety under Trog
   663 | D:2      | Identified a scroll of acquirement
   663 | D:2      | Acquired 942 gold pieces
   997 | D:2      | Noticed Sigmund
  1015 | D:2      | Slain by Sigmund

Illustrated notes

Levels and vault maps discovered:
D:1:      dpeg_arrival_chambers_temple_mockup, layout_basic,
          shapermc_ecumenical_altar_pompeii
D:2:      layout_basic, kennysheep_donut, minmay_circled_x, uniq_sigmund

Action                   || total
-------------------------++-------
Melee: Hand axe          ||    66
       Constrict         ||    20
       Tentacles         ||    11
Throw: Dart              ||     1
Invok: Berserk           ||     2
  Use: Scroll            ||     9
       Potion            ||     1
 Stab: Sleeping          ||     4
Armor: Skin              ||     8
Dodge: Dodged            ||    51

Table legend: (Time is in decaauts)
 A = Elapsed time spent in this place.
 B = Non-inter-level travel time spent in this place.
 C = Inter-level travel time spent in this place.
 D = Time resting spent in this place.
 E = Time spent auto-exploring this place.
 F = Levels seen in this place.
 G = Mean time per level.
                   A        B        C        D        E       F      G
               +--------+--------+--------+--------+--------+-----+--------+
         Total |   1038 |   1038 |      0 |    289 |      0 |   2 |  519.0 |
       Dungeon |   1038 |   1038 |      0 |    289 |      0 |   2 |  519.0 |
               +--------+--------+--------+--------+--------+-----+--------+

Top non-repeatable levels by time:
     D:1: 552 daAuts
     D:2: 485 daAuts
